 Dungeon Crawl Stone Soup version 0.24-a0-459-g225fefd530 (webtiles) character file.

Game seed: 13552749672580045011

166 Peloso the Shield-Bearer (level 5, 0/47 HPs)
             Began as a Minotaur Fighter on June 28, 2019.
             Killed by divine providence
             ... invoked by an orc priest
              (16 damage)
             ... on level 3 of the Dungeon.
             The game lasted 00:03:34 (1465 turns).

Peloso the Shield-Bearer (Minotaur Fighter)         Turns: 1465, Time: 00:03:34

Health: 0/47       AC:  7    Str: 20    XL:     5   Next: 22%
Magic:  4/4        EV:  8    Int:  2    God:
Gold:   163        SH:  9    Dex: 11    Spells: 4/4 levels left

rFire    . . .     SeeInvis .   a - +0 long sword
rCold    . . .     Gourm    .   c - +0 shield (curse)
rNeg     . . .     Faith    .   b - +0 scale mail
rPois    .         Spirit   .   (helmet restricted)
rElec    .         Reflect  .   (no cloak)
rCorr    .         Harm     .   (no gloves)
MR       .....                  (no boots)
Stlth    ..........             (no amulet)
HPRegen  0.15/turn              e - -3 ring of intelligence (curse)
MPRegen  0.09/turn              (no ring)

@: no status effects
A: retaliatory headbutt, horns 2
a: no special abilities


You were on level 3 of the Dungeon.
You were not hungry.

You visited 1 branch of the dungeon, and saw 3 of its levels.

You collected 163 gold pieces.

Inventory:

Hand Weapons
 a - a +0 long sword (weapon)
Missiles
 j - 14 poisoned darts (quivered)
Armour
 b - a +0 scale mail (worn)
 c - a cursed +0 shield (worn)
Jewellery
 e - a cursed -3 ring of intelligence (left hand)
Wands
 q - a wand of polymorph (6)
Scrolls
 h - 5 scrolls of identify {unknown}
 k - a scroll of enchant weapon {unknown}
 l - a scroll of fog {unknown}
 n - a scroll of random uselessness {unknown}
 o - a scroll of teleportation {unknown}
 p - a scroll of immolation {unknown}
 t - a scroll of remove curse {unknown}
Potions
 d - 2 potions of might
 g - a potion of mutation {unknown}
 i - a potion of flight {unknown}
 m - a potion of agility {unknown}
 r - a potion of magic {unknown}
 s - a potion of brilliance {unknown}
 u - a potion of curing {unknown}
Comestibles
 f - 6 rations


   Skills:
 + Level 4.4 Fighting
 + Level 4.1 Long Blades
 + Level 4.4 Armour
 + Level 1.7 Dodging
 + Level 4.7 Shields


You had 4 spell levels left.
You didn't know any spells.
Your spell library was empty.

Dungeon Overview and Level Annotations

Branches:
Dungeon (3/15)

Altars:


Innate Abilities, Weirdness & Mutations

You reflexively headbutt those who attack you in melee.
You have a pair of horns on your head.


Message History

An orc priest comes into view. It is wielding a +0 flail.
The bat barely misses you.
The orc priest shouts!
You slash the bat!
You kill the bat!
An orc wizard comes into view. It is wielding a +0 dagger.
An orc priest comes into view. It is wielding a +0 mace.
The orc priest invokes the aid of Beogh against you.
Beogh smites you!
Your shield and scale mail prevent you from hitting the orc.
You block the orc's attack.
The orc wizard casts a spell.
The orc wizard seems to speed up.
Unknown command.
The orc priest mumbles some strange prayers to Beogh against you.
Beogh smites you!
There is a stone staircase leading down here.
The orc priest mumbles some strange prayers to Beogh against you.
Beogh smites you!
You die...

#.#################
#.#... ##'#.# #....#
#.)†.# +....# #....#
# .
..######>#####.#....
.......@o.o.oo......
+######.########....
.... # ###... #####


You could see 2 orc priests, an orc wizard and an orc.

Vanquished Creatures
  2 orc wizards
  An adder (D:2)
  7 dart slugs
  3 leopard geckos
  3 orcs
  A ball python (D:2)
  13 bats
  6 giant cockroaches
  5 goblins
  5 hobgoblins
  11 jackals
  10 kobolds
  A quokka (D:2)
  A frilled lizard (D:2)
  7 rats
76 creatures vanquished.

Notes
Turn   | Place    | Note
-------+----------+-------------------------------------------
     0 | D:1      | Peloso the Minotaur Fighter began the quest for the Orb.
     0 | D:1      | Reached XP level 1. HP: 19/19 MP: 0/0
   103 | D:1      | Reached XP level 2. HP: 21/27 MP: 1/1
   201 | D:1      | Reached XP level 3. HP: 29/33 MP: 2/2
   520 | D:1      | Reached skill level 1 in Dodging
   707 | D:2      | Reached XP level 4. HP: 40/40 MP: 3/3
  1330 | D:3      | Reached XP level 5. HP: 47/47 MP: 4/4
  1465 | D:3      | Killed from afar by an orc priest

Levels and vault maps discovered:
D:1:      onia_arrival_larder, layout_rooms, st_stairs_11,
          palyth_stone_intersect, minmay_pentomino_p4
D:2:      layout_rooms, serial_rivers, chequers_serial_rivers_micro_e,
          chequers_serial_rivers_small_3, chequers_serial_rivers_marsh,
          chequers_serial_rivers_small_a, chequers_serial_rivers_large_a
D:3:      minmay_spotlight, layout_basic, overflow_temple_1_default,
          yredelemnul_altar_generic, minmay_misc_feat_square

Skill      XL: |  1  2  3  4  5 |
---------------+----------------+-----
Shields        | 4 |  4.7
Armour         | 4 |  4.4
Fighting       | 4 |  4.4
Dodging        | 1 |  1.7
Long Blades    | 3 4 |  4.1

Action                   |  1- 3 |  4- 6 || total
-------------------------+-------+-------++-------
Melee: Long sword        |    85 |    72 ||   157
       Headbutt          |    14 |    13 ||    27
  Eat: Chunk             |       |     2 ||     2
Armor: Scale mail        |    64 |    40 ||   104
Dodge: Dodged            |    46 |    31 ||    77
Block: Shield            |    80 |    47 ||   127
       Rpst.: Long sword |    16 |    13 ||    29

Table legend:
 A = Non-vault XP
 B = Vault XP
 C = Vault XP percentage of total XP
 D = Non-vault monster count
 E = Vault monster count
 F = Vault count percentage of total count
                 A         B        C        D         E       F
            +---------+---------+-------+---------+---------+-------
      Total |     219 |      19 |   8.0 |      68 |       8 |  10.5
            +---------+---------+-------+---------+---------+-------
        D:1 |      48 |      19 |  28.4 |      26 |       8 |  23.5
        D:2 |     109 |       0 |   0.0 |      31 |       0 |   0.0
        D:3 |      62 |       0 |   0.0 |      11 |       0 |   0.0
            +---------+---------+-------+---------+---------+-------
